 Dungeon Crawl Stone Soup version 0.30.1-11-g7821555f0a (webtiles) character file.

Game seed: 1178072508029913202

6609 MrIGI the Protected (level 10, -1/92 HPs)
             Began as an Armataur Berserker on Dec 12, 2023.
             Was an Elder of Trog.
             Slain by a komodo dragon (24 damage)
             ... on level 9 of the Dungeon.
             The game lasted 00:29:26 (9574 turns).

MrIGI the Protected (Armataur Berserker)            Turns: 9574, Time: 00:29:27

Health: -1/92      AC: 14    Str: 30    XL:     10   Next: 71%
Magic:  10/10      EV:  6    Int:  7    God:    Trog [****..]
Gold:   511        SH:  4    Dex:  7    Spells: 9/9 levels left

rFire   . . .        H - +6 mace (freeze)
rCold   . . .        k - +0 buckler
rNeg    . . .        l - +1 plate armour
rPois   .            (no helmet)
rElec   .            (no cloak)
rCorr   .            (no gloves)
SInv    +            (no barding)
Will    .....        (no amulet) Stlth
                     E - ring of see invisible
HPRegen 0.35/turn    (no ring)
MPRegen 0.12/turn

%: roll
@: no status effects
A: large, rugged brown scales 3, deformed body, armoured tail, roll, long
tongue, awkward tongue, clumsy 1, strong 1, MP-powered wands
a: Renounce Religion, Berserk, Trog's Hand, Brothers in Arms


You were on level 9 of the Dungeon.
You worshipped Trog.
Trog was greatly pleased with you.
You visited 1 branch of the dungeon, and saw 9 of its levels.

You collected 511 gold pieces.

Inventory:

Hand Weapons
 a - a +0 mace
 r - a +1 shortbow of flaming
 s - a +3 dagger
 v - a +2 heavy falchion
 y - a +2 whip of electrocution
 z - a +1 flail of protection
 F - a +0 falchion of holy wrath
 G - a +4 halberd of freezing
 H - a +6 mace of freezing (weapon)
 I - a +2 dagger of speed
Missiles
 D - 2 throwing nets (quivered)
Armour
 b - a +0 animal skin
 k - a +0 buckler (worn)
 l - a +1 plate armour (worn)
 n - a +0 chain mail
 q - a +0 ring mail
 K - +0 steam dragon scales
Jewellery
 E - a ring of see invisible (left hand)
Wands
 g - a wand of quicksilver (6)
 x - a wand of flame (55)
Scrolls
 c - 3 scrolls of enchant armour
 d - 2 scrolls of poison
 f - 2 scrolls of teleportation
 h - a scroll of magic mapping {unknown}
 i - a scroll of amnesia {unknown}
 j - a scroll of noise
 m - 2 scrolls of fog
 o - a scroll of enchant weapon
 u - a scroll of butterflies {unknown}
 B - a scroll of immolation
 J - a scroll of vulnerability
Potions
 e - a potion of cancellation
 p - 2 potions of attraction
 t - a potion of resistance
 w - a potion of lignification {unknown}
 A - 2 potions of berserk rage
 C - a potion of mutation
 L - a potion of curing
 M - a potion of flight {unknown}


   Skills:
 * Level 7.5 Fighting
 + Level 8.1 Maces & Flails
 * Level 11.8 Armour
 + Level 2.2 Dodging
 + Level 1.5 Stealth
 + Level 5.4 Shields
 * Level 3.7 Evocations


You had 9 spell levels left.
You didn't know any spells.
Your spell library contained the following spells:

 Spells                   Type           Power      Damage    Failure   Level
 Volatile Blastmotes      Fire/Tloc      0%         2d10      100%        3
 Fulminant Prism          Conj/Hex       0%         3d5       100%        4
 Iskenderun's Mystic Bla  Conj/Tloc      0%         2d3       100%        4
 Lee's Rapid Deconstruct  Erth           0%         3d4*      100%        5


Dungeon Overview and Level Annotations

Branches:
Dungeon (9/15)             Temple (0/1) D:5
   Lair: D:8-11         Orc: D:9-12

Altars:
Fedhas
Gozag
Okawaru
Uskayaw
Vehumet
Yredelemnul
The Shining One

Shops:
D:2 (   D:5 :   D:6 (

Annotations:
D:8 6 transporters


Innate Abilities, Weirdness & Mutations

You are completely covered in rugged brown scales. (AC +3, +7% HP)
Armour fits poorly on your strangely shaped body.
You have a long armoured tail.
You roll when moving toward enemies. (Rampage)
Your long tongue fully drains potion bottles. (2x potion effects)
Your tongue gives you trouble enunciating. (1.5x scroll delay)
You are clumsy. (Dex -2)
Your muscles are strong. (Str +4, Int/Dex -1)
You expend magic power (3 MP) to strengthen your wands.


Message History

You roll towards the bullfrog!
Found a leather armour.
You thump the bullfrog!
The bullfrog seems to slow down.
You freeze the bullfrog.
The bullfrog is heavily wounded.
The bullfrog hits you.
You sock the bullfrog!
The bullfrog seems to slow down.
You freeze the bullfrog.
You kill the bullfrog!
Trog accepts your kill.
You see here a bullfrog corpse.
g - a wand of quicksilver (6)
Found a potion of attraction.
M - a silvery potion
p - 2 potions of attraction (gained 1)
A komodo dragon comes into view.
The komodo dragon hisses angrily.
You roll towards the komodo dragon!
Found a stone staircase leading down.
You sock the komodo dragon! You freeze the komodo dragon.
The komodo dragon is moderately wounded.
The komodo dragon bites you!!
You sock the komodo dragon!
The komodo dragon seems to slow down.
You freeze the komodo dragon.
Your tail-slap misses the komodo dragon.
The komodo dragon is heavily wounded.
The komodo dragon bites you!
You hit the komodo dragon. You freeze the komodo dragon.
The komodo dragon is severely wounded.
You closely miss the komodo dragon.
Your tail-slap misses the komodo dragon.
The komodo dragon is severely wounded.
The komodo dragon is no longer moving slowly.
The komodo dragon bites you!
You hit the komodo dragon but do no damage.
The komodo dragon is severely wounded.
The komodo dragon bites you!!
* * * LOW HITPOINT WARNING * * *
You hit the komodo dragon.
The komodo dragon seems to slow down.
You freeze the komodo dragon.
The komodo dragon is almost dead.
The komodo dragon bites you!!
You die...

... #.# ...
...####.###+### #...##
............... ....#.
#................ ......
#...#............ .......
#...#............ .. #...
#...#.....l...... ...##..
#........@....>.. .......
#.........####### .......
#.........# .......
#.........# #########
#.........# #........
#......#..# #........
#......#..# #........
#.........########........
#.........................


You could see a komodo dragon (slow).

Vanquished Creatures
  2 two-headed ogres
  Pikel (D:5)
  The ghost of Valeaz the Shield-Bearer, an amateur FoFi (D:5)
  2 hornets
  2 yaks (D:8)
  Eustachio (D:5)
  A vampire mosquito (D:9)
  3 steam dragons (D:8)
  A water moccasin (D:5)
  Duvessa (D:5)
  2 orc warriors
  3 ogres
  A centaur (D:6)
  4 lemures (D:6)
  A phantom (D:6)
  6 bullfrogs
  2 kobold brigands (D:7)
  3 scorpions
  A water moccasin zombie (D:4)
  Dowan (D:5)
  9 wights
  6 killer bees (D:9)
  A howler monkey (D:5)
  A centaur zombie (D:4)
  8 hounds
  2 gnoll boudas
  5 orc priests
  2 jellies (D:6)
  5 iguanas
  A sleepcap (D:7)
  Terence (D:2)
  Ijyb (D:5)
  5 orc wizards
  A howler monkey zombie (D:4)
  14 gnolls
  4 adders
  A shadow imp (D:7)
  An adder zombie (D:4)
  A worm (D:2)
  2 dart slugs
  16 orcs
  5 bats
  7 endoplasms
  A giant cockroach (D:3)
  7 goblins
  4 hobgoblins
  3 jackals (D:5)
  2 quokkas (D:4)
  9 ball pythons
  3 frilled lizards
  21 kobolds
  4 rats
192 creatures vanquished.

Notes
Turn   | Place    | Note
-------+----------+-------------------------------------------
     0 | D:1      | MrIGI the Armataur Berserker began the quest for the Orb.
     0 | D:1      | Reached XP level 1. HP: 19/19 MP: 1/1
    90 | D:1      | Reached XP level 2. HP: 5/27 MP: 2/2
   561 | D:1      | Found a faded altar of an unknown god.
   817 | D:2      | Reached ** piety under Trog
   818 | D:2      | Reached XP level 3. HP: 33/33 MP: 3/3
   965 | D:2      | Found Hyegu's Weapon Emporium.
  1332 | D:2      | Noticed Terence
  1341 | D:2      | Killed Terence
  1342 | D:2      | Reached XP level 4. HP: 34/40 MP: 4/4
  1700 | D:3      | You fall into a shaft and drop 2 floors!
  1700 | D:5      | Entered Level 5 of the Dungeon
  1700 | D:5      | Found a large runed translucent door.
  1700 | D:5      | Found a large runed translucent door.
  1731 | D:5      | Reached skill level 3 in Armour
  1900 | D:5      | Noticed a lemure
  1900 | D:5      | Noticed a phantom
  1901 | D:5      | Noticed Pikel
  1901 | D:5      | Noticed a lemure
  1991 | D:6      | Noticed a centaur
  2010 | D:6      | Killed a centaur
  2011 | D:6      | Reached XP level 5. HP: 41/49 MP: 5/5
  2020 | D:6      | Reached skill level 4 in Armour
  2020 | D:6      | Reached skill level 1 in Stealth
  2113 | D:6      | Found a radiant altar of Vehumet.
  2113 | D:6      | Found a glowing golden altar of the Shining One.
  2115 | D:6      | Found an opulent altar of Gozag.
  2131 | D:6      | Found a hide-covered altar of Uskayaw.
  2139 | D:6      | Reached XP level 6. HP: 31/55 MP: 6/6
  2258 | D:6      | Reached skill level 1 in Shields
  2333 | D:6      | Reached skill level 5 in Armour
  2409 | D:6      | Reached XP level 7. HP: 64/64 MP: 7/7
  2468 | D:6      | Found Lari's Antique Weapon Shoppe.
  2891 | D:6      | Reached skill level 6 in Armour
  3512 | D:6      | Reached skill level 5 in Maces & Flails
  3512 | D:6      | Reached XP level 8. HP: 28/71 MP: 8/8
  3844 | D:6      | Reached skill level 7 in Armour
  4409 | D:5      | Killed Pikel
  4410 | D:5      | Reached skill level 5 in Fighting
  4410 | D:5      | Reached skill level 8 in Armour
  4486 | D:5      | Noticed Valeaz's ghost (amateur FoFi)
  4513 | D:5      | Noticed Eustachio
  4528 | D:5      | Noticed Duvessa
  4550 | D:5      | Noticed Dowan
  4552 | D:5      | Killed Duvessa
  4557 | D:5      | Killed Dowan
  4558 | D:5      | Reached skill level 9 in Armour
  4561 | D:5      | Reached *** piety under Trog
  4633 | D:5      | Reached XP level 9. HP: 30/75 MP: 9/9
  5104 | D:5      | Noticed Ijyb
  5242 | D:5      | Killed Ijyb
  5684 | D:5      | Found Qeiban's Self-Improvement Boutique.
  6424 | D:4      | Reached skill level 10 in Armour
  6515 | D:4      | Found a basalt altar of Yredelemnul.
  6806 | D:5      | Killed Eustachio
  6807 | D:5      | Reached skill level 1 in Evocations
  6935 | D:5      | Found a staircase to the Ecumenical Temple.
  7185 | D:5      | Killed Valeaz's ghost
  7324 | D:7      | Reached skill level 5 in Shields
  7468 | D:7      | Paralysed by a hornet for 1 turns
  7474 | D:7      | Gained mutation: You expend magic power (3 MP) to
                  | strengthen your wands. [potion of mutation]
  7474 | D:7      | Gained mutation: You are clumsy. (Dex -2) [potion of
                  | mutation]
  7474 | D:7      | Gained mutation: Your muscles are strong. (Str +4, Int/Dex
                  | -1) [potion of mutation]
  7474 | D:7      | HP: 2/77 [hornet (8)]
  7911 | D:7      | Reached **** piety under Trog
  7948 | D:7      | Found a blossoming altar of Fedhas.
  8290 | D:8      | Noticed a two-headed ogre
  8293 | D:8      | Killed a two-headed ogre
  8294 | D:8      | Reached XP level 10. HP: 89/89 MP: 10/10
  8431 | D:8      | Found a transporter.
  8437 | D:8      | Found a transporter.
  8468 | D:8      | Found a transporter.
  8471 | D:8      | Found a transporter.
  8532 | D:8      | Found a transporter.
  8533 | D:8      | Found a transporter.
  8542 | D:8      | Found an iron altar of Okawaru.
  8739 | D:8      | Reached skill level 11 in Armour
  9379 | D:9      | Noticed a two-headed ogre
  9387 | D:9      | Killed a two-headed ogre
  9574 | D:9      | Slain by a komodo dragon

Illustrated notes

Levels and vault maps discovered:
D:1:      sevenhm_arrival_forest_fort_small_4, layout_loops_ring,
          basic_ecumenical_altar
D:2:      layout_basic, serial_shops,
          nicolae_shop_temple_entry_statues_fountains, uniq_terence
D:3:      layout_basic, st_stairs_12, uniq_jessica
D:4:      layout_loops_corners, nicolae_yredelemnul_corpse_copse
D:5:      layout_cave_pools, minmay_temple_entry_ruins,
          ebering_ghost_disaster_area, nicolae_shop_self_help, uniq_ijyb,
          uniq_pikel, uniq_duvessa, uniq_eustachio
D:6:      layout_cave_pods, grunt_temple_overflow_open, serial_shops,
          nicolae_shop_peninsula
D:7:      layout_loops_ring, mainiacjoe_overflow_paths
D:8:      layout_loops_ring, marbit_many_paths, okawaru_gym_becter,
          serial_shops, shop, serial_nicolae_subway, nicolae_sub_station_stone,
          nicolae_sub_station_metal, nicolae_sub_station_crystal
D:9:      hangedman_cross_cluster, layout_stronghold

Skill      XL: |  1  2  3  4  5  6  7  8  9 10 |
---------------+-------------------------------+-----
Fighting       | 3 4 5 6 7 |  7.5
Maces & Flails | 3 4 5 7 8 |  8.1
Armour         | 3 4 5 6 9 10 11 | 11.8
Stealth        | 1 |  1.5
Shields        | 1 3 4 5 |  5.4
Dodging        | 2 |  2.2
Evocations     | 2 3 |  3.7

Action                     |  1- 3 |  4- 6 |  7- 9 | 10-12 || total
---------------------------+-------+-------+-------+-------++-------
  Melee: Mace              |    89 |    83 |   280 |   111 ||   563
         Tailslap          |     8 |    12 |    64 |    13 ||    97
         Flail             |       |       |   158 |       ||   158
 Invoke: Berserk           |     1 |     3 |    11 |     4 ||    19
         Trog's Hand       |       |       |     1 |       ||     1
    Use: Scroll            |       |     2 |     3 |     7 ||    12
         Potion            |       |       |     4 |       ||     4
   Stab: Sleeping          |     1 |       |       |       ||     1
 Armour: Animal skin       |    27 |       |       |       ||    27
         Plate armour      |    12 |       |       |    68 ||    80
         Chain mail        |     3 |    46 |   263 |    17 ||   329
  Dodge: Dodged            |    40 |    17 |   124 |    44 ||   225
  Block: Buckler           |       |    14 |    85 |    22 ||   121
